Map: Rainfall LE

Players

Choigalaxy

  • Race: Zerg Zerg
  • League: Diamond

인공지능 칸 (아주 쉬움) - Winner!

  • Race: Terran Terran

VOD

Have the link to the VOD?

Description

Time

  • Played on: Sept. 30, 2026, 10:20 p.m.
  • Length: 6:46
Show
View Real Time Build Order
Export as new Build Order

Choigalaxy Zerg 

Build Orders: Hatch First 

Get SALT Encoding   

  12  0:00  Drone  
  13  0:12  Overlord  
  13  0:16  Drone  
  14  0:30  Drone x2  
  16  0:47  Hatchery  
  15  0:51  Drone  
  15  0:53  Drone  
  15  0:56  Drone  
  18  1:08  Extractor  
  17  1:12  Spawning Pool  
  17  1:15  Drone  
  17  1:18  Drone  
  18  1:27  Drone  
  19  1:39  Drone  
  20  1:49  Drone  
  21  1:59  Queen x2  
  21  2:01  Zergling x4  
  27  2:10  Overlord  
  27  2:23  Hatchery  
  27  2:24  Metabolic Boost  
  27  2:27  Drone  
  27  2:30  Drone  
  27  2:32  Drone  
  27  2:35  Drone  
  30  2:40  Drone  
  31  2:46  Queen  
  33  2:52  Overlord  
  33  2:54  Drone  
  33  2:57  Drone  
  35  2:59  Drone  
  35  3:03  Overlord  
  36  3:11  Queen  
  38  3:15  Drone x2  
  38  3:17  Drone  
  38  3:19  Drone  
  42  3:21  Drone  
  43  3:27  Drone x2  
  43  3:31  Queen  
  47  3:37  Zergling x4  
  47  3:38  Zergling x2  
  47  3:39  Zergling x2  
  51  3:43  Overlord  
  51  3:45  Overlord  
  51  3:52  Queen  
  53  3:55  Drone  
  53  3:56  Drone  
  53  3:57  Drone  
  53  3:58  Drone  
  53  3:59  Drone  
  58  4:02  Overlord  
  58  4:09  Queen  
  58  4:14  Queen  
  62  4:17  Drone  
  62  4:18  Drone  
  62  4:19  Drone  
  62  4:21  Drone  
  62  4:22  Drone  
  62  4:23  Drone  
  68  4:25  Drone  
  68  4:27  Drone  
  68  4:29  Overlord  
  70  4:32  Overlord  
  70  4:36  Lair  
  70  4:42  Extractor  
  70  4:43  Baneling Nest, Extractor  
  70  4:44  Extractor  
  66  4:46  Evolution Chamber  
  66  4:47  Evolution Chamber  
  66  4:49  Drone x2  
  66  4:50  Drone  
  66  4:51  Drone  
  68  4:53  Drone  
  68  4:54  Drone  
  68  4:56  Spore Crawler  
  69  5:01  Spore Crawler  
  69  5:02  Spore Crawler  
  69  5:03  Drone x2  
  69  5:05  Drone  
  69  5:06  Drone  
  71  5:08  Drone  
  71  5:09  Drone  
  71  5:10  Drone  
  71  5:12  Drone  
  71  5:13  Drone  
  76  5:15  Drone  
  76  5:17  Drone  
  76  5:19  Drone x2  
  80  5:32  Extractor, Drone x2  
  80  5:33  Drone, Hatchery  
  81  5:44  Drone x3  
  81  5:46  Overlord  
  81  5:48  Overlord  
  84  5:57  Drone x2, Hydralisk Den  
  86  5:58  Drone  
  86  5:59  Drone  
  86  6:03  Zergling x6  
  90  6:05  Zergling x4  
  90  6:08  Zergling x2  
  90  6:09  Zergling x2  
  90  6:10  Zergling x2  
  90  6:11  Zergling x2  
  96  6:16  Overlord x2  
  96  6:17  Zergling x4  
  98  6:24  Drone x2  
  100  6:29  Hatchery  
Show
View Real Time Build Order
Export as new Build Order

인공지능 칸 (아주 쉬움) Terran - Winner!

Build Orders:  

Get SALT Encoding   

  12  0:00  SCV  
  13  0:13  SCV  
  14  0:18  Supply Depot  
  14  0:36  Refinery  
  14  0:40  Barracks  
  14  1:02  Supply Depot  
  14  1:12  Refinery  
  14  1:29  Barracks Tech Lab  
  14  1:30  Orbital Command  
  14  1:47  Marine  
  15  1:56  SCV  
  16  2:08  SCV  
  17  2:20  SCV  
  18  2:28  Marine  
  19  2:32  SCV  
  20  2:44  SCV  
  21  2:56  SCV  
  22  3:10  Marauder  
  24  6:25  SCV  
  25  6:26  Marine  
  25  6:27  Supply Depot  
  25  6:29  Factory  
  25  6:32  Command Center  
Tags
 
Add a new tag
Caveats
  • Supply blocks, unpowered buildings, or Contaminate may cause inaccurate times.
  • Supply counts are checked every 10 seconds.